 Dungeon Crawl Stone Soup version 0.29-a0-1043-g569b05d6ff (webtiles) character file.

Game seed: 15880468666804228330

24824 Newt the Cleaver (level 12, -8/238 HPs)
             Began as a Demonspawn Gladiator on Aug 15, 2022.
             Was the Champion of Okawaru.
             Mangled by a nine-headed hydra (12 damage)
             ... on level 14 of the Dungeon.
             The game lasted 00:44:11 (19070 turns).

Newt the Cleaver (Demonspawn Gladiator)            Turns: 19070, Time: 00:44:12

Health: -8/238     AC: 26    Str: 22    XL:     12   Next: 84%
Magic:  18/18      EV:  2    Int:  9    God:    Okawaru [******]
Gold:   877        SH:  4    Dex: 17    Spells: 11/11 levels left

rFire   . . .      SeeInvis .   a - +1 hand axe (vorpal)
rCold   . . .      Faith    .   (no shield)
rNeg    . . .      Spirit   .   (body armour currently unavailable)
rPois   +          Reflect  .   (helmet currently unavailable)
rElec   .          Harm     .   (cloak currently unavailable)
rCorr   .          Rampage  .   (gloves unavailable)
Will    .....      NoTele   +   (boots currently unavailable)
Stlth   ..........              v - amulet of the acrobat
HPRegen 0.49/turn               E - ring of poison resistance
MPRegen 0.16/turn               L - +4 ring of evasion

@: berserking, tree-form, slowed
A: stationary, stasis, torment immunity, boosted hp, (molten scales 3), powered
by death 1, condensation shield, (demonic touch 3), agile 1, robust 1, strong 1
a: Renounce Religion, Heroism, Finesse, Duel


You were on level 14 of the Dungeon.
You worshipped Okawaru.
Okawaru was exalted by your worship.
You were a tree.
You visited 2 branches of the dungeon, and saw 15 of its levels.
You also visited: Bailey.

You collected 995 gold pieces.
You spent 118 gold pieces at shops.

Inventory:

Hand Weapons
 a - a +1 vorpal hand axe (weapon)
 b - a +0 sling of flaming
 m - a +1 vorpal battleaxe
 z - a +1 rapier
 P - a +2 vorpal hand axe
Missiles
 e - a javelin
 g - 17 boomerangs (quivered)
 o - 89 stones
 O - 4 silver javelins
 T - 4 boomerangs of dispersal
 U - 8 atropa-tipped darts
Armour
 c - a +1 helmet (melded)
 p - the +5 ring mail "Pallaotau" {Rampage Str-5 Int+5 SInv}
   (Okawaru gifted it to you on level 13 of the Dungeon)

   Str:       It affects your strength (-5).
   Int:       It affects your intelligence (+5).
   SInv:      It lets you see invisible.
   Rampage:   It bestows one free step when moving towards enemies.
 t - a +2 cloak (melded)
 x - a +4 chain mail of fire resistance
 G - the +1 scale mail of the Beginning (melded) {Contam rC- Dex+7 Slay+4}
   (You found it on level 12 of the Dungeon)

   Dex:       It affects your dexterity (+7).
   Slay:      It affects your accuracy & damage with ranged weapons and melee
   (+4).
   rC:        It makes you vulnerable to cold.
   Contam:    It causes magical contamination when unequipped.
 X - the +0 ring mail of Imizunno {rPois rF++ Will+ Str+4}
   (You found it on level 10 of the Dungeon)

   Str:       It affects your strength (+4).
   rF:        It greatly protects you from fire.
   rPois:     It protects you from poison.
   Will:      It increases your willpower.
Jewellery
 v - an amulet of the acrobat (around neck)
 E - a ring of poison resistance (left branch)
 F - a ring of resist corrosion
 I - a ring of see invisible
 L - a +4 ring of evasion (right branch)
 Z - a ring of magical power
Wands
 f - a wand of polymorph (3)
 J - a wand of flame (41)
Scrolls
 d - a scroll of enchant weapon
 k - 3 scrolls of teleportation
 l - 2 scrolls of magic mapping
 q - 3 scrolls of poison
 w - a scroll of summoning
 K - a scroll of immolation {unknown}
 Y - a scroll of identify
Potions
 i - a potion of degeneration
 j - 3 potions of curing
 u - 4 potions of magic
 A - 2 potions of flight
 B - a potion of berserk rage
 D - 2 potions of heal wounds
 M - a potion of attraction {unknown}
 N - a potion of cancellation {unknown}
 R - a potion of lignification
 V - 2 potions of invisibility
Miscellaneous
 n - a condenser vane (inert)
 Q - a phantom mirror


   Skills:
 - Level 10.0 Fighting
 - Level 4.0 Short Blades
 - Level 10.0 Axes
 - Level 3.0 Ranged Weapons
 - Level 8.0 Throwing
 - Level 6.0 Armour
 - Level 6.0 Dodging
 - Level 2.0 Stealth
 - Level 8.0 Invocations
 + Level 7.8 Evocations


You had 11 spell levels left.
You didn't know any spells.
Your spell library contained the following spells:

 Spells                   Type           Power      Damage    Failure   Level
 Apportation              Tloc           0%         N/A       38%         1
 Beastly Appendage        Tmut           0%         N/A       38%         1
 Foxfire                  Conj/Fire      0%         2x1d4     38%         1
 Magic Dart               Conj           0%         1d3       38%         1
 Ensorcelled Hibernation  Hex/Ice        0%         N/A       52%         2
 Passwall                 Tmut/Erth      0%         N/A       52%         2
 Sublimation of Blood     Necr           0%         N/A       52%         2
 Wereblood                Tmut           0%         N/A       52%         2
 Confusing Touch          Hex            0%         N/A       77%         3
 Conjure Flame            Conj/Fire      0%         6-21      77%         3
 Inner Flame              Hex/Fire       0%         N/A       77%         3
 Mephitic Cloud           Conj/Pois/Air  0%         N/A       77%         3
 Portal Projectile        Hex/Tloc       0%         N/A       77%         3
 Spider Form              Tmut/Pois      0%         N/A       77%         3
 Stone Arrow              Conj/Erth      0%         3d7       77%         3
 Swiftness                Air            0%         N/A       77%         3
 Flame Wave               Conj/Fire      0%         2d4       99%         4
 Petrify                  Tmut/Erth      0%         N/A       99%         4
 Alistair's Intoxication  Tmut/Pois      0%         N/A       100%        5
 Irradiate                Conj/Tmut      0%         3d11      100%        5
 Metabolic Englaciation   Hex/Ice        0%         N/A       100%        5
 Yara's Violent Unravell  Hex/Tmut       0%         3d3       100%        5
 Dispersal                Tloc           0%         N/A       100%        6
 Statue Form              Tmut/Erth      0%         N/A       100%        6
 Enfeeble                 Hex            0%         N/A       100%        7
 Disjunction              Tloc           0%         N/A       100%        8
 Lehudib's Crystal Spear  Conj/Erth      0%         10d2      100%        8
 Call Imp                 Summ           Unusable   N/A       N/A         2
 Call Canine Familiar     Summ           Unusable   N/A       N/A         3
 Animate Armour           Summ/Erth      Unusable   N/A       N/A         4
 Summon Mana Viper        Hex/Summ       Unusable   N/A       N/A         5
 Malign Gateway           Summ/Tloc      Unusable   N/A       N/A         7
 Summon Horrible Things   Summ           Unusable   N/A       N/A         8

Dungeon Overview and Level Annotations

Branches:
Dungeon (14/15)            Temple (1/1) D:5            Lair (0/5) D:9
    Orc (0/2) D:12         Bailey (visited)
 Vaults: D:13-14

Altars:
Ashenzari
Cheibriados
Dithmenos
Fedhas
Gozag
Hepliaklqana
Kikubaaqudgha
Makhleb
Nemelex Xobeh
Okawaru
Qazlal
Ru
Sif Muna
Trog
Uskayaw
Vehumet
Wu Jian
Xom
Yredelemnul

Shops:
D:1 *   D:4 !   D:5 *

Annotations:
D:7 2 transporters, exclusion: ice statue, quixfox's ghost, novice DsCj


Innate Abilities, Weirdness & Mutations

You are a tree.
Your roots penetrate the ground, keeping you stationary.
You cannot be teleported.
You are immune to unholy pain and torment.
Your maximum health is greatly increased.
Your equipment is partially melded.
((You are completely covered in molten scales. (AC +4, rF+)))
You regenerate a little health from kills.
A meltable shield of frost defends you. (SH +4)
((Your touch may irresistibly damage your foes and sap their willpower.))
You are agile. (Dex +4, Str/Int -1)
You are robust. (+10% HP)
Your muscles are strong. (Str +4, Int/Dex -1)


Message History

The eight-headed hydra bites you but does no damage.
The eight-headed hydra completely misses you.
The eight-headed hydra barely misses you.
You block the eight-headed hydra's attack.
The eight-headed hydra bites you!
* * * LOW HITPOINT WARNING * * *
The eight-headed hydra bites you but does no damage. x2
The eight-headed hydra bites you.
* * * LOW HITPOINT WARNING * * *
The eight-headed hydra barely misses you.
The eight-headed hydra bites you but does no damage.
You block the eight-headed hydra's attack.
The eight-headed hydra bites you but does no damage.
The eight-headed hydra bites you!
* * * LOW HITPOINT WARNING * * *
The eight-headed hydra barely misses you.
The eight-headed hydra bites you.
* * * LOW HITPOINT WARNING * * *
A red film seems to cover your vision as you go berserk!
You feel yourself moving faster!
You feel mighty!
The eight-headed hydra bites you but does no damage.
The eight-headed hydra bites you!
* * * LOW HITPOINT WARNING * * *
The eight-headed hydra bites you but does no damage.
The eight-headed hydra bites you!
* * * LOW HITPOINT WARNING * * *
The eight-headed hydra barely misses you.
The eight-headed hydra bites you but does no damage. x2
The eight-headed hydra barely misses you.
You lop one of the eight-headed hydra's heads off!
The seven-headed hydra grows two more!
You slash the nine-headed hydra!
The nine-headed hydra is lightly wounded.
The nine-headed hydra bites you but does no damage. x2
The nine-headed hydra bites you.
* * * LOW HITPOINT WARNING * * *
The nine-headed hydra bites you but does no damage.
The nine-headed hydra bites you!
* * * LOW HITPOINT WARNING * * *
The nine-headed hydra bites you!
You die...

#.# #..## #. #.# #...# #..
#+####.# #...### #.. .......#
#.....#### ..######
.......######........#####.#.....
##....................#..........
......######+###......#.......=..
......# #......#..........
......# #♣.....#..........
......# #D.....#..........
......# +......#....[.....
......# #......#..........
......# #......#..........
......# #......#'#####....
......# #............###+#
......# #.....†......# #######
#.####...#......


You could see a nine-headed hydra.

Vanquished Creatures
  A fire dragon (D:14)
  A hydra (D:13)
  A vault guard (Bailey)
  3 centaur warriors (D:13)
  2 two-headed ogres (D:11)
  4 skeletal warriors
  A deep elf pyromancer (D:14)
  5 ugly things (D:14)
  4 cyclopes
  A manticore (D:11)
  2 gargoyles (D:12)
  An unseen horror (D:11)
  2 hornets
  3 trolls
  3 slime creatures (D:12)
  Prince Ribbit (Bailey)
  3 shadows
  8 humans (Bailey)
  2 wraiths
  10 yaks
  3 wyverns
  2 basilisks (D:14)
  A steam dragon (D:9)
  12 vampire mosquitoes
  2 water moccasins
  6 orc warriors
  3 ice beasts
  2 sky beasts
  A black bear (D:6)
  10 centaurs
  2 ogres
  2 phantoms (D:12)
  10 bullfrogs
  3 kobold brigands
  A gnoll sergeant (D:8)
  A scorpion (D:4)
  4 wights (D:9)
  2 troll zombies (D:12)
  10 killer bees
  2 howler monkeys
  3 hounds (D:5)
  2 jellies
  Crazy Yiuf (D:5)
  8 orc priests
  A gnoll bouda (D:5)
  5 iguanas
  9 orc wizards
  6 ogre zombies (D:12)
  A mummy (D:12)
  13 gnolls
  7 adders
  2 shadow imps
  2 white imps
  2 ufetubi (D:6)
  2 dart slugs
  4 worms
  48 orcs
  8 ball pythons
  7 endoplasms
  A giant cockroach (D:1)
  7 hobgoblins
  6 jackals (D:2)
  5 quokkas
  6 bats
  2 frilled lizards
  A goblin (D:1)
  2 goblin skeletons (D:12)
  4 goblin zombies (D:12)
  3 hobgoblin skeletons (D:12)
  3 hobgoblin zombies (D:12)
  16 kobolds
  3 orc skeletons (D:12)
  10 orc zombies (D:12)
  4 rats (D:1)
341 creatures vanquished.

Vanquished Creatures (others)
  An orc wizard (D:9)
1 creature vanquished.

Grand Total: 342 creatures vanquished

Notes
Turn   | Place    | Note
-------+----------+-------------------------------------------
     0 | D:1      | Newt the Demonspawn Gladiator began the quest for the Orb.
     0 | D:1      | Reached XP level 1. HP: 16/16 MP: 1/1
   117 | D:1      | Reached skill level 1 in Stealth
   314 | D:1      | Gained mutation: You are partially covered in molten
                  | scales. (AC +2) [demonic ancestry]
   314 | D:1      | Reached XP level 2. HP: 22/22 MP: 2/2
   336 | D:1      | Got the Lectures on Summoning and Shifting
   815 | D:1      | Found Paowamp's General Store.
  1069 | D:2      | Reached XP level 3. HP: 27/27 MP: 3/3
  2004 | D:2      | Found a faded altar of an unknown god.
  2490 | D:3      | Gained mutation: You regenerate a little health from kills.
                  | [demonic ancestry]
  2490 | D:3      | Reached XP level 4. HP: 16/33 MP: 4/4
  3204 | D:3      | Reached skill level 1 in Axes
  3482 | D:2      | Gained mutation: You are mostly covered in molten scales.
                  | (AC +3) [demonic ancestry]
  3482 | D:2      | Reached XP level 5. HP: 40/40 MP: 5/5
  3801 | D:3      | Identified the +9 flail of Sulphur {freeze, Fragile rPois
                  | rN+++ rCorr}
  4108 | D:4      | Found Sawk's Distillery.
  4116 | D:4      | Bought a potion of heal wounds for 70 gold pieces
  4839 | D:5      | Entered Level 5 of the Dungeon
  5232 | D:6      | Noticed a black bear
  5232 | D:6      | Noticed a sky beast
  5409 | D:4      | Gained mutation: Your touch may inflict minor irresistible
                  | damage on your foes. [demonic ancestry]
  5409 | D:4      | Reached XP level 6. HP: 22/48 MP: 6/6
  5790 | D:5      | Found Osuroar's General Store.
  5816 | D:6      | Noticed an orc warrior
  6161 | D:5      | Reached skill level 1 in Ranged Weapons
  6186 | D:5      | Found a broken altar of Ashenzari.
  6191 | D:5      | Noticed a water moccasin
  6200 | D:5      | Found a staircase to the Ecumenical Temple.
  6206 | Temple   | Entered the Ecumenical Temple
  6303 | Temple   | Became a worshipper of Warmaster Okawaru
  6469 | D:5      | Killed a water moccasin
  6470 | D:5      | Gained mutation: A meltable shield of frost defends you.
                  | (SH +4) [demonic ancestry]
  6470 | D:5      | Reached XP level 7. HP: 53/54 MP: 7/7
  6726 | D:5      | Found a runed translucent door.
  6727 | D:5      | Noticed Crazy Yiuf
  6880 | D:5      | Bought a scroll of identify for 24 gold pieces
  6880 | D:5      | Bought a scroll of identify for 24 gold pieces
  6883 | D:5      | Gained mutation: Your muscles are strong. (Str +4, Int/Dex
                  | -1) [potion of mutation]
  6883 | D:5      | Gained mutation: You are robust. (+10% HP) [potion of
                  | mutation]
  6883 | D:5      | Gained mutation: You are agile. (Dex +4, Str/Int -1)
                  | [potion of mutation]
  7166 | D:5      | Killed Crazy Yiuf
  7256 | D:6      | Reached * piety under Okawaru
  7300 | D:6      | Reached skill level 5 in Axes
  7329 | D:6      | Gained mutation: Your touch may inflict irresistible damage
                  | on your foes. [demonic ancestry]
  7329 | D:6      | Reached XP level 8. HP: 66/66 MP: 8/8
  7505 | D:6      | Reached skill level 1 in Evocations
  7559 | D:6      | Reached ** piety under Okawaru
  7567 | D:6      | Reached skill level 5 in Evocations
  8068 | D:6      | Found a blossoming altar of Fedhas.
  8533 | D:7      | Reached XP level 9. HP: 71/71 MP: 9/9
  8691 | D:7      | Noticed quixfox's ghost (novice DsCj)
  8698 | D:7      | Noticed a komodo dragon
  8725 | D:7      | Found a transporter.
  8795 | D:7      | Noticed an ice statue
  8861 | D:7      | Found a transporter.
  9155 | D:7      | Noticed a manticore
  9271 | D:8      | Found a basalt altar of Yredelemnul.
  9466 | D:8      | Reached *** piety under Okawaru
  9467 | D:8      | Reached skill level 5 in Throwing
  9467 | D:8      | Reached skill level 1 in Armour
  9648 | D:8      | Found a flagged portal.
  9657 | Bailey   | Entered a bailey
  9671 | Bailey   | Received a gift from Okawaru
  9708 | Bailey   | Reached skill level 5 in Fighting
  9712 | Bailey   | Reached **** piety under Okawaru
  9792 | Bailey   | Gained mutation: Your touch may irresistibly damage your
                  | foes and sap their willpower. [demonic ancestry]
  9792 | Bailey   | Reached XP level 10. HP: 62/83 MP: 10/10
  9867 | Bailey   | Noticed Prince Ribbit
  9867 | Bailey   | Noticed a vault guard
  9874 | Bailey   | Killed Prince Ribbit
  9880 | Bailey   | Killed a vault guard
  9880 | Bailey   | Reached ***** piety under Okawaru
  9981 | Bailey   | Noticed a vault guard
 10629 | D:8      | Received a gift from Okawaru
 10920 | D:9      | Received a gift from Okawaru
 11291 | D:9      | Paralysed by a hornet for 3 turns
 11300 | D:9      | Paralysed by a hornet for 1 turns
 11305 | D:9      | Received a gift from Okawaru
 11547 | D:9      | Found a staircase to the Lair.
 12037 | D:10     | Entered Level 10 of the Dungeon
 12062 | D:10     | Found a shadowy altar of Dithmenos.
 12112 | D:10     | Reached skill level 5 in Armour
 12112 | D:10     | Reached skill level 5 in Dodging
 12122 | D:10     | Reached XP level 11. HP: 75/89 MP: 11/11
 12195 | D:10     | Identified the +0 ring mail of Imizunno {rPois rF++ Will+
                  | Str+4}
 12943 | D:10     | Found a large runed translucent door.
 12944 | D:10     | Found a large runed translucent door.
 13348 | D:10     | Found a burning altar of Makhleb.
 13358 | D:10     | Found a sacrificial altar of Ru.
 13502 | D:11     | Noticed a two-headed ogre
 13510 | D:11     | Killed a two-headed ogre
 14436 | D:11     | Noticed a two-headed ogre
 14442 | D:11     | Killed a two-headed ogre
 14442 | D:11     | Received a gift from Okawaru
 14443 | D:11     | Reached skill level 5 in Invocations
 14571 | D:11     | Received a gift from Okawaru
 15009 | D:11     | Noticed a four-headed hydra
 15024 | D:12     | Found a staircase to the Orcish Mines.
 15176 | D:12     | Identified the +1 scale mail of the Beginning {Contam rC-
                  | Dex+7 Slay+4}
 15478 | D:12     | Found a snail-covered altar of Cheibriados.
 15868 | D:12     | Reached ****** piety under Okawaru
 15991 | D:12     | Gained mutation: You are completely covered in molten
                  | scales. (AC +4, rF+) [demonic ancestry]
 15991 | D:12     | Reached XP level 12. HP: 55/96 MP: 18/18
 16168 | D:13     | Noticed a seven-headed hydra
 16179 | D:13     | Reached skill level 10 in Axes
 17548 | D:13     | Noticed a centaur warrior
 17567 | D:13     | Killed a centaur warrior
 17568 | D:13     | Noticed a centaur warrior
 17633 | D:13     | Killed an eight-headed hydra
 18130 | D:13     | Killed a centaur warrior
 18130 | D:13     | Identified the +5 ring mail "Pallaotau" {Rampage Str-5
                  | Int+5 SInv} (Okawaru gifted it to you on level 13 of the
                  | Dungeon)
 18130 | D:13     | Received a gift from Okawaru
 18326 | D:13     | Noticed a centaur warrior
 18339 | D:13     | Killed a centaur warrior
 18450 | D:13     | Reached skill level 10 in Fighting
 19024 | D:14     | Noticed a fire dragon
 19038 | D:14     | Noticed a seven-headed hydra
 19039 | D:14     | Killed a fire dragon
 19070 | D:14     | HP: 11/238 [nine-headed hydra (4)]
 19070 | D:14     | HP: 4/238 [nine-headed hydra (7)]
 19070 | D:14     | Mangled by a nine-headed hydra

Illustrated notes

Levels and vault maps discovered:
D:1:      matt_arrival_grand_opening, layout_basic, serial_shops,
          nicolae_shop_behind_doors, minmay_box_of_dots
D:2:      layout_basic, ebering_ecumenical_altar_mist
D:3:      layout_loops_corners
D:4:      layout_loops_ring, serial_shops, nicolae_square_shop,
          minmay_misc_feat_rugged
D:5:      layout_cave_pods, cheibrodos_ashenzari_chains, temple_green,
          serial_shops, nicolae_shop_stone, feat_on_display,
          uniq_crazy_yiuf_cottage
D:6:      layout_cave_pools, fedhas_altar_fruit_tree, serial_demonic,
          serial_demonic_g, serial_demonic_e, serial_demonic_a, serial_demonic_b
D:7:      layout_gridville, nzn_ghost_randoct
D:8:      layout_gridville, lemuel_round_altar, enter_bailey_6, special_room
          [special_room_orc], st_stairs_6, moated_statue
D:9:      layout_small_grid, lair_entry_dummy
D:10:     layout_long_grid, nicolae_dithmenos_through_a_glass_darkly,
          jmf_multi_god_temple2, minmay_misc_feat_cross
D:11:     layout_basic, minmay_misc_feat_rows, nicolae_straight_to_the_point
D:12:     layout_cave_pools, zombieorc2_lemuel, slow_altar_1
D:13:     layout_basic
D:14:     minmay_evil_eye, layout_stronghold, erik_vaults_2, serial_shops,
          nicolae_shop_behind_doors, hangedman_abyss_or_decor_jellyfish_corner
Temple:   minmay_temple_bridge_d

Skill      XL: |  1  2  3  4  5  6  7  8  9 10 11 12 |
---------------+-------------------------------------+-----
Stealth        | 1 2 |  2.0
Short Blades   | 3 4 |  4.0
Axes           | 1 2 4 5 6 7 8 9 10 | 10.0
Fighting       | 3 4 6 10 | 10.0
Ranged Weapons | 2 3 |  3.0
Dodging        | 4 5 6 |  6.0
Evocations     | 5 7 |  7.8
Throwing       | 4 5 8 |  8.0
Armour         | 4 5 6 |  6.0
Invocations    | 8 |  8.0

Action                   |  1- 3 |  4- 6 |  7- 9 | 10-12 || total
-------------------------+-------+-------+-------+-------++-------
Melee: Rapier            |   123 |   119 |       |       ||   242
       Punch             |     1 |     3 |     2 |    10 ||    16
       Hand axe          |       |    26 |   272 |   591 ||   889
       Touch             |       |     4 |    49 |   123 ||   176
       Battleaxe         |       |       |       |    38 ||    38
       Unarmed           |       |       |       |    12 ||    12
 Fire: Shortbow          |       |    28 |       |       ||    28
       Sling             |       |    10 |    27 |     8 ||    45
Throw: Stone             |    19 |     5 |       |       ||    24
       Boomerang         |       |     6 |       |    20 ||    26
       Throwing net      |       |     1 |       |       ||     1
Evoke: Wand              |       |       |     1 |     1 ||     2
       Condenser vane    |       |       |       |     1 ||     1
  Use: Scroll            |     1 |     8 |     5 |    19 ||    33
       Potion            |       |       |     5 |    10 ||    15
 Stab: Sleeping          |     6 |     2 |     1 |     1 ||    10
       Confused          |       |       |       |     7 ||     7
Armor: Leather armour    |    43 |    66 |    23 |       ||   132
       Chain mail        |       |       |   106 |   114 ||   220
       Skin              |       |       |    24 |    38 ||    62
       Ring mail         |       |       |       |    83 ||    83
       Scale mail        |       |       |       |    93 ||    93
Dodge: Dodged            |    66 |    90 |   126 |   551 ||   833
Block: Other             |       |       |    46 |   145 ||   191

Table legend: (Time is in decaauts)
 A = Elapsed time spent in this place.
 B = Non-inter-level travel time spent in this place.
 C = Inter-level travel time spent in this place.
 D = Time resting spent in this place.
 E = Time spent auto-exploring this place.
 F = Levels seen in this place.
 G = Mean time per level.
                   A        B        C        D        E       F      G
               +--------+--------+--------+--------+--------+-----+--------+
         Total |  19049 |  18554 |    495 |   5766 |   9613 |  16 | 1190.6 |
       Dungeon |  18542 |  18148 |    394 |   5710 |   9423 |  14 | 1324.4 |
        Temple |    169 |     68 |    101 |      0 |     62 |   1 |  169.0 |
        Bailey |    336 |    336 |      0 |     56 |    128 |   1 |  336.0 |
               +--------+--------+--------+--------+--------+-----+--------+

Top non-repeatable levels by time:
    D:12: 2149 daAuts
     D:5: 1876 daAuts
    D:11: 1699 daAuts
     D:3: 1527 daAuts
    D:13: 1437 daAuts
     D:2: 1398 daAuts
    D:10: 1336 daAuts
     D:4: 1271 daAuts
     D:8: 1201 daAuts
     D:9: 1112 daAuts
     D:7: 1082 daAuts
     D:6: 1057 daAuts
     D:1: 1019 daAuts
    D:14: 372 daAuts
  Bailey: 336 daAuts
